 Dungeon Crawl Stone Soup version 0.19-a0-1079-g88a7474 (webtiles) character file.

67161 aronpayne the Warrior (level 14, -1/140 HPs)
             Began as a Minotaur Fighter on Aug 6, 2016.
             Was the Champion of Qazlal.
             Killed from afar by a shock serpent (6 damage)
             ... with an electric aura
             ... on level 2 of the Snake Pit.
             The game lasted 01:23:10 (15401 turns).

aronpayne the Warrior (Minotaur Fighter)           Turns: 15401, Time: 01:23:12

Health: -1/140     AC: 19    Str: 30    XL:     14   Next: 81%
Magic:  8/13       EV: 18    Int:  9    God:    Qazlal [******]
Gold:   897        SH: 27    Dex: 13    Spells: 0 memorised, 13 levels left

rFire  + . .     SeeInvis .     a - +5 whip (freeze)
rCold  . . .     Gourm    .     K - +4 ring mail "Sahaep" {Regen+ Str+4 Dex+3}
rNeg   . . .     Faith    .     c - +0 shield
rPois  .         Spirit   .     (helmet restricted)
rElec  .         Dismiss  .     F - +1 cloak
rCorr  .         Reflect  +     G - +1 pair of gloves {archery}
SustAt .         Harm     .     E - +1 pair of boots {Stlth+}
MR     ++...                    w - +5 amulet of reflection
Stlth  +.........               r - +4 ring of intelligence
                                k - ring of protection from magic

@: protected from fire, repel missiles
A: retaliatory headbutt, horns 2
a: Upheaval, Elemental Force, Disaster Area, Renounce Religion


You were on level 2 of the Snake Pit.
You worshipped Qazlal.
Qazlal was exalted by your worship.
You were not hungry.

You visited 4 branches of the dungeon, and saw 17 of its levels.

You collected 1206 gold pieces.
You spent 309 gold pieces at shops.

Inventory:

Hand Weapons
 a - a +5 whip of freezing (weapon)
 d - a +2 glaive of chopping
 e - a +1 mace of holy wrath
 h - a +0 demon trident of electrocution
 I - a +4 mace
Missiles
 M - 6 silver javelins (quivered)
Armour
 c - a +0 shield (worn)
 v - a +5 scale mail
 E - a +1 pair of boots of stealth (worn)
 F - a +1 cloak (worn)
 G - a +1 pair of gloves of archery (worn)
 K - the +4 ring mail "Sahaep" (worn) {Regen+ Str+4 Dex+3}
   (You found it on level 2 of the Lair of Beasts)

   It affects your strength (+4).
   It affects your dexterity (+3).
   It increases your rate of regeneration.
 P - a +2 ring mail of fire resistance
 Y - a +3 leather armour of positive energy
Jewellery
 b - an uncursed amulet of magic regeneration
 k - a ring of protection from magic (left hand)
 r - a +4 ring of intelligence (right hand)
 w - a +5 amulet of reflection (around neck)
 V - an uncursed amulet of regeneration
Wands
 O - a wand of paralysis (20/24)
 T - a wand of polymorph (4/24)
 X - a wand of hasting (4/9)
Scrolls
 g - 10 scrolls of remove curse
 i - 7 scrolls of immolation
 o - 4 scrolls of recharging
 s - 3 scrolls of blinking {unknown}
 y - 3 scrolls of enchant armour
 A - 3 scrolls of amnesia
 D - 2 scrolls of teleportation
 J - 2 scrolls of torment {unknown}
 L - 2 scrolls of identify
 Q - a scroll of silence {unknown}
Potions
 j - 2 potions of flight
 l - 2 potions of ambrosia {unknown}
 n - a potion of cancellation {unknown}
 p - 7 potions of curing {unknown}
 q - 3 potions of berserk rage {unknown}
 x - 4 potions of degeneration {unknown}
 z - 2 potions of brilliance {unknown}
 B - 4 potions of lignification {unknown}
 H - a potion of haste {unknown}
 W - a potion of invisibility
 Z - 2 potions of cure mutation {unknown}
Books
 C - a book of Burglary

   Spells                             Type                      Level
   a - Swiftness                      Charms/Air                   2
   b - Passwall                       Transmutation/Earth          2
   c - Passage of Golubria            Translocation                4
   d - Lee's Rapid Deconstruction     Earth                        5
   e - Darkness                       Hexes                        6
   f - Invisibility                   Hexes                        6
 N - a book of Conjurations

   Spells                             Type                      Level
   a - Magic Dart                     Conjuration                  1
   b - Searing Ray                    Conjuration                  2
   c - Dazzling Spray                 Conjuration/Hexes            3
   d - Fulminant Prism                Conjuration/Hexes            4
   e - Iskenderun's Mystic Blast      Conjuration                  4
   f - Iskenderun's Battlesphere      Conjuration/Charms           5
Miscellaneous
 S - a box of beasts
Comestibles
 f - 17 bread rations
 m - 13 fruits
 t - 3 beef jerkies
 u - 8 meat rations
 R - 3 chunks of flesh


   Skills:
 * Level 17.6 Fighting
 + Level 12.6 Maces & Flails
 + Level 13.3 Armour
 + Level 12.0 Dodging
 + Level 13.2 Shields


You had 13 spell levels left.
You didn't know any spells.

Dungeon Overview and Level Annotations

Branches:
Dungeon (8/15)             Temple (1/1) D:4            Lair (6/6) D:8
  Swamp (0/4) Lair:3        Snake (2/4) Lair:3        Slime (0/5) Lair:5

Altars:
Ashenzari
Cheibriados
Dithmenos
Elyvilon
Fedhas
Gozag
Hepliaklqana
Kikubaaqudgha
Makhleb
Nemelex Xobeh
Okawaru
Pakellas
Qazlal
Ru
Sif Muna
Trog
Uskayaw
Vehumet
Xom
Yredelemnul
Zin
The Shining One

Shops:
D:6 [

Portals:
Hell: Lair:6

Annotations:
Snake:2 Saint Roka


Innate Abilities, Weirdness & Mutations

You reflexively headbutt those who attack you in melee.
You have a pair of horns on your head.


Message History

You barely miss the shock serpent.
You headbutt the shock serpent, but do no damage.
You block the salamander's attack. The naga closely misses you.
The orc sorcerer closely misses you. You block the orc warrior's attack.
The naga sharpshooter gestures wildly while chanting.
The naga sharpshooter magically shoots a bolt.
The bolt hits you!
* * * LOW HITPOINT WARNING * * *
You barely miss the shock serpent. Your headbutt misses the shock serpent.
The orc no longer looks unusually strong. x2
You block the salamander's attack.
The shock serpent completely misses you.
You block the salamander mystic's attack.
You block the salamander's attack.
Unknown command.
You whack the shock serpent!
The shock serpent seems to slow down.
You freeze the shock serpent. Your headbutt misses the shock serpent.
The shock serpent is moderately wounded.
The shock serpent's electric aura discharges, shocking you!
You die...

..# ..# .(#N ##
##).. ### #.
#.(##
##...#.###N(.##
.......NN..§..#
#....(§N#§...#
####.§#N@So..#
#..###o.###
.... ##o# ..##.
3# .... #. .S
... ..


#oo ## .. .oo .o.. You could see a naga sharpshooter, a salamander mystic, 2
salamanders, a shock serpent, a black mamba, a chaos spawn, an orc sorcerer, 3
orc warriors, a naga and 4 orcs.

Vanquished Creatures
  Aizul (Snake:1)
  A dire elephant (Lair:6)
  Josephine (Lair:6)
  A naga warrior (Snake:1)
  An anaconda (Snake:1)
  7 hydras
  6 death yaks
  Urug (Lair:3)
  A naga sharpshooter (Snake:1)
  A sun demon (Lair:6)
  A shock serpent (Snake:1)
  3 salamander mystics
  Pikel (D:8)
  A wizard (Lair:6)
  A mana viper (Snake:2)
  A griffon (Lair:3)
  13 salamanders
  Maurice (D:8)
  9 elephants
  7 black mambas
  A smoke demon (Lair:6)
  13 spiny frogs
  8 naga magi
  2 orange demons (Lair:6)
  2 torpor snails
  7 komodo dragons
  A hellwing (Lair:6)
  3 rime drakes (Lair:6)
  4 ice devils (Lair:6)
  3 red devils (Lair:6)
  2 polar bears
  A troll (Snake:2)
  16 blink frogs
  13 spriggans
  Sigmund (D:5)
  A wyvern (Lair:5)
  34 yaks
  7 hippogriffs
  3 wraiths (Lair:6)
  4 basilisks
  Menkaure (D:6)
  20 nagas
  A warg (Snake:2)
  15 water moccasins
  11 porcupines
  2 sky beasts
  3 wasps (Lair:3)
  4 ice beasts
  3 slaves (D:8)
  A black bear (D:6)
  6 ogres
  An orc warrior (D:8)
  A phantom (D:5)
  3 boggarts (Lair:3)
  20 wolves
  14 crocodiles
  A centaur (D:5)
  9 giant frogs
  Blork the orc (D:5)
  A scorpion (D:5)
  A killer bee (D:8)
  A howler monkey (D:7)
  A centaur zombie (D:5)
  2 crimson imps
  A lava snake (Lair:1)
  A centaur skeleton (D:7)
  2 hounds
  8 jellies
  A giant frog zombie (D:7)
  3 orc priests
  Crazy Yiuf (D:6)
  An iron imp (D:7)
  A giant frog skeleton (D:8)
  A gnoll shaman (D:7)
  Jessica (D:2)
  6 iguanas
  5 worker ants
  7 orc wizards
  2 hell rats (Lair:4)
  11 sheep
  A hound skeleton (D:8)
  2 worker ant zombies (D:8)
  14 adders
  9 gnolls
  106 river rats
  A shadow imp (D:3)
  An ooze (Lair:5)
  2 worms
  A dart slug (D:3)
  5 giant geckos
  23 orcs
  5 ball pythons
  4 giant cockroaches
  6 hobgoblins
  7 jackals
  5 quokkas
  7 bats
  A giant gecko skeleton (D:8)
  2 giant gecko zombies
  5 giant newts
  13 goblins
  2 goblin skeletons (D:7)
  2 goblin zombies (D:7)
  6 kobolds
  2 kobold skeletons (D:7)
  An orc zombie (D:7)
  A quokka zombie (D:8)
  9 rats
  A fire vortex (Lair:1)
  25 fungi
  8 plants
637 creatures vanquished.

Vanquished Creatures (others)
  A naga sharpshooter (Snake:1)
  A slave (D:8)
  A river rat (Lair:3)
  3 fungi
  3 plants
9 creatures vanquished.

Grand Total: 646 creatures vanquished

Notes
Turn   | Place    | Note
-------+----------+-------------------------------------------
     0 | D:1      | aronpayne the Minotaur Fighter began the quest for the Orb.
     0 | D:1      | Reached XP level 1. HP: 19/19 MP: 0/0
     2 | D:1      | Noticed a gargoyle
     2 | D:1      | Noticed a naga
     4 | D:1      | Noticed a troll
     4 | D:1      | Noticed a centaur
     6 | D:1      | Noticed a spriggan
     6 | D:1      | Noticed a ghoul
     8 | D:1      | Noticed a merfolk
     8 | D:1      | Noticed a felid
    10 | D:1      | Noticed a halfling
    12 | D:1      | Noticed a formicid
    12 | D:1      | Noticed a dwarf
    16 | D:1      | Noticed a minotaur
    16 | D:1      | Noticed a demonspawn
    18 | D:1      | Noticed a human
    18 | D:1      | Noticed a vampire
    20 | D:1      | You fall through a shaft!
    20 | D:2      | Noticed Jessica
    25 | D:2      | Killed Jessica
    25 | D:2      | Reached skill level 4 in Fighting
    25 | D:2      | Reached XP level 2. HP: 10/27 MP: 1/1
   235 | D:2      | Reached XP level 3. HP: 33/33 MP: 2/2
   360 | D:2      | Reached XP level 4. HP: 13/41 MP: 3/3
   762 | D:2      | Found a hazy altar of Hepliaklqana.
   989 | D:1      | Reached skill level 5 in Fighting
  1119 | D:1      | Reached XP level 5. HP: 48/48 MP: 4/4
  1456 | D:3      | Reached skill level 1 in Dodging
  1605 | D:3      | You fall through a shaft!
  1606 | D:4      | Noticed an ogre
  1611 | D:4      | Killed an ogre
  1611 | D:4      | Reached skill level 5 in Armour
  1611 | D:4      | Reached XP level 6. HP: 55/57 MP: 5/5
  1642 | D:4      | Found a staircase to the Ecumenical Temple.
  1662 | Temple   | Entered the Ecumenical Temple
  2563 | D:3      | Found an ancient bone altar of Kikubaaqudgha.
  2566 | D:3      | Found a basalt altar of Yredelemnul.
  2566 | D:3      | Found a burning altar of Makhleb.
  2799 | D:4      | Reached skill level 5 in Shields
  3345 | D:5      | Entered Level 5 of the Dungeon
  3350 | D:5      | Reached skill level 6 in Fighting
  3393 | D:5      | Noticed an ice beast
  3403 | D:5      | Killed an ice beast
  3403 | D:5      | Reached XP level 7. HP: 50/64 MP: 6/6
  3480 | D:5      | Noticed Sigmund
  3495 | D:5      | Killed Sigmund
  3583 | D:5      | Noticed Blork the orc
  3608 | D:5      | Reached skill level 5 in Maces & Flails
  3616 | D:5      | Killed Blork the orc
  3616 | D:5      | Reached skill level 7 in Fighting
  3643 | D:5      | Reached XP level 8. HP: 38/73 MP: 7/7
  3858 | D:5      | Found a radiant altar of Vehumet.
  4021 | D:5      | Found a hide-covered altar of Uskayaw.
  4205 | D:6      | Found a runed door.
  4209 | D:6      | Noticed Crazy Yiuf
  4214 | D:6      | Killed Crazy Yiuf
  4310 | D:6      | Reached skill level 8 in Fighting
  4389 | D:6      | Noticed Menkaure
  4394 | D:6      | Killed Menkaure
  4473 | D:6      | Got an ominously black robe
  4504 | D:6      | Found an oddly glowing altar of Pakellas.
  4626 | D:6      | Identified the cursed +0 robe of Rotation {Dex+8} (You found it on level 6 of the Dungeon)
  4836 | D:6      | Found Bakut's Antique Armour Shop.
  4839 | D:6      | Bought a pair of runed boots for 103 gold pieces
  4839 | D:6      | Bought a glowing cloak for 103 gold pieces
  4839 | D:6      | Bought a pair of runed gloves for 103 gold pieces
  5220 | D:7      | Reached skill level 9 in Fighting
  5220 | D:7      | Reached XP level 9. HP: 65/83 MP: 8/8
  5241 | D:7      | Found a sacrificial altar of Ru.
  5268 | D:7      | Found a stormy altar of Qazlal.
  5297 | D:7      | Found an oddly glowing altar of Pakellas.
  5297 | D:7      | Found an opulent altar of Gozag.
  5317 | D:7      | Reached skill level 5 in Dodging
  5335 | D:7      | Became a worshipper of Qazlal Stormbringer
  5404 | D:7      | Found a glowing golden altar of the Shining One.
  5474 | D:7      | Found an iron altar of Okawaru.
  5540 | D:7      | Reached * piety under Qazlal
  5624 | D:7      | Found a shadowy altar of Dithmenos.
  6200 | D:8      | Reached skill level 10 in Fighting
  6240 | D:8      | Reached XP level 10. HP: 53/94 MP: 9/9
  6300 | D:8      | Reached ** piety under Qazlal
  6478 | D:8      | Found a staircase to the Lair.
  6562 | D:8      | Found a blossoming altar of Fedhas.
  6639 | D:8      | Noticed Pikel
  6663 | D:8      | Killed Pikel
  6663 | D:8      | Reached skill level 11 in Fighting
  6695 | D:8      | Noticed Maurice
  6728 | D:8      | Killed Maurice
  6945 | Lair:1   | Entered Level 1 of the Lair of Beasts
  7384 | Lair:1   | Noticed a five-headed hydra
  7394 | Lair:1   | Killed a five-headed hydra
  7647 | Lair:1   | Reached XP level 11. HP: 104/104 MP: 10/10
  7771 | Lair:2   | Reached skill level 12 in Fighting
  7876 | Lair:2   | Reached *** piety under Qazlal
  8235 | Lair:2   | Got an ancient ring mail
  8238 | Lair:2   | Identified the +4 ring mail "Sahaep" {Regen+ Str+4 Dex+3} (You found it on level 2 of the Lair of Beasts)
  8826 | Lair:3   | Noticed a spriggan rider
  8838 | Lair:3   | Reached skill level 10 in Shields
  8869 | Lair:3   | Noticed a griffon
  8878 | Lair:3   | Noticed a spriggan rider
  8880 | Lair:3   | Killed a griffon
  8894 | Lair:3   | Reached **** piety under Qazlal
  8933 | Lair:3   | Reached skill level 13 in Fighting
  8940 | Lair:3   | Reached skill level 10 in Armour
  9099 | Lair:3   | Noticed Urug
  9120 | Lair:3   | Killed Urug
  9231 | Lair:3   | Noticed a spriggan rider
  9241 | Lair:3   | Killed a spriggan rider
  9241 | Lair:3   | Reached ***** piety under Qazlal
  9241 | Lair:3   | Reached XP level 12. HP: 114/115 MP: 11/11
  9421 | Lair:3   | Found a staircase to the Snake Pit.
  9539 | Lair:3   | Found a staircase to the Swamp.
  9881 | Lair:4   | Noticed a five-headed hydra
  9888 | Lair:4   | Killed a five-headed hydra
  9895 | Lair:4   | Reached skill level 10 in Maces & Flails
 10203 | Lair:4   | Reached skill level 14 in Fighting
 10303 | Lair:4   | Noticed a death yak
 10304 | Lair:4   | Noticed a death yak
 10306 | Lair:4   | Noticed a death yak
 10332 | Lair:4   | Killed a death yak
 10341 | Lair:4   | Killed a death yak
 10364 | Lair:4   | Killed a death yak
 10547 | Lair:4   | Noticed a six-headed hydra
 10550 | Lair:4   | Killed a six-headed hydra
 11201 | Lair:5   | Reached XP level 13. HP: 117/125 MP: 12/12
 11205 | Lair:5   | Reached skill level 15 in Fighting
 11217 | Lair:5   | Reached ****** piety under Qazlal
 11400 | Lair:5   | Reached skill level 10 in Dodging
 11572 | Lair:5   | Found a staircase to the Slime Pits.
 12051 | Lair:6   | Entered Level 6 of the Lair of Beasts
 12278 | Lair:6   | Reached skill level 16 in Fighting
 12692 | Lair:6   | Noticed a dire elephant
 12713 | Lair:6   | Killed a dire elephant
 12885 | Lair:6   | Reached XP level 14. HP: 138/138 MP: 13/13
 12893 | Lair:6   | Noticed Josephine
 12921 | Lair:6   | Killed Josephine
 13257 | Lair:6   | Found a burning altar of Makhleb.
 13263 | Lair:6   | Found a gateway to Hell.
 13790 | Snake:1  | Entered Level 1 of the Snake Pit
 14124 | Snake:1  | Reached skill level 17 in Fighting
 14205 | Snake:1  | Noticed Aizul
 14232 | Snake:1  | Killed Aizul
 15374 | Snake:2  | Noticed Saint Roka
 15399 | Snake:2  | HP: 5/140 [naga sharpshooter/bolt (10)]
 15401 | Snake:2  | Killed from afar by a shock serpent

Vault maps used:
D:1:      kb_arrival_jail, minmay_small_reverse_x
D:2:      lemuel_doored_altar, first_bread, st_stairs_10,
          minmay_splitting_lines, uniq_jessica
D:3:      grunt_temple_overflow_open, serial_corexii_hall,
          corexii_hall_statues_i, corexii_hall_statues_i, corexii_hall_statues_u
D:5:      kennysheep_mini, eat_drink_and_be_merry_uskayaw, uniq_blork_the_orc,
          uniq_sigmund
D:6:      serial_shops, kennysheep_mini_moat, minivault_1, dk_noncrumbling_4,
          grunt_pakellas_basics, uniq_crazy_yiuf_cottage, uniq_menkaure
D:7:      grunt_dithmenos_smoke, nicolae_ru_great_annihilating_truth,
          gammafunk_temple_overflow_forgotten, nicolae_overflow_hidden_temple,
          the_bakery, nicolae_tso_besieged_by_evil
D:8:      old_standard_altar, minmay_lair_entry_grove, uniq_maurice, uniq_pikel
Temple:   compressed_dpeg_triangle_lava_temple
Lair:2:   grunt_megastairs_4
Lair:3:   kb_forest_paths, swamp_mist, minmay_snake_entry_guardpost_small,
          uniq_urug
Lair:4:   kennysheep_rathole
Lair:5:   nicolae_slime_entry_slimehenge, serial_bayou_pond_d
Lair:6:   evil_forest, st_stairs_7, grunt_megastairs_5, lemuel_fruit_tree,
          uniq_josephine
Snake:1:  cheibrodos_snake_lava_hold, nicolae_snake_squiggles,
          hangedman_snake_corridor_cut, uniq_aizul
Snake:2:  grunt_ministairs_12, uniq_saint_roka

Skill      XL: |  1  2  3  4  5  6  7  8  9 10 11 12 13 14 |
---------------+-------------------------------------------+-----
Fighting       | 4 5 6 7 9 10 11 13 14 16 17 | 17.6
Armour         | 4 5 6 8 9 10 11 12 13 | 13.3
Shields        | 4 5 6 8 9 10 11 12 13 | 13.2
Maces & Flails | 3 4 5 6 7 8 9 10 11 12 | 12.6
Dodging        | 1 2 3 4 6 7 8 9 11 12 | 12.0

Action                   |  1- 3 |  4- 6 |  7- 9 | 10-12 | 13-15 || total
-------------------------+-------+-------+-------+-------+-------++-------
Melee: Flail             |    25 |    84 |       |       |       ||   109
       Headbutt          |     4 |    28 |    93 |   273 |   283 ||   681
       Mace              |       |   116 |   387 |    84 |       ||   587
       Whip              |       |       |       |   864 |   849 ||  1713
Throw: Tomahawk          |       |       |     2 |     2 |       ||     4
       Javelin           |       |       |       |     1 |     2 ||     3
Invok: Elemental Force   |       |       |       |       |     2 ||     2
  Use: Potion            |     1 |     1 |     3 |     1 |     6 ||    12
       Scroll            |       |     8 |     3 |    12 |     6 ||    29
 Stab: Invisible         |       |       |     1 |       |       ||     1
  Eat: Chunk             |       |     5 |     6 |    15 |    10 ||    36
       Pizza             |       |     1 |       |       |     2 ||     3
       Meat ration       |       |     1 |       |       |       ||     1
       Royal jelly       |       |       |       |     1 |       ||     1
       Beef jerky        |       |       |       |       |     2 ||     2
Armor: Scale mail        |     7 |    87 |   109 |    63 |       ||   266
       Ring mail         |       |       |       |    45 |    96 ||   141
Dodge: Dodged            |     9 |    60 |    83 |   122 |   174 ||   448
       Deflected         |       |       |       |       |    17 ||    17
Block: Shield            |    20 |    88 |   281 |   659 |   777 ||  1825
       Reflection        |       |       |     1 |     5 |    46 ||    52
